 Dungeon Crawl Stone Soup version 0.18.1-48-g4cf74bf (webtiles) character file.

78 Joat the Chiller (level 4, -3/24 HPs)
             Began as a Deep Elf Ice Elementalist on July 27, 2016.
             Was an Initiate of Sif Muna.
             Slain by a worker ant (7 damage)
             ... on level 2 of the Dungeon.
             The game lasted 00:28:19 (2441 turns).

Joat the Chiller (Deep Elf Ice Elementalist)        Turns: 2441, Time: 00:28:20

Health: -3/24      AC:  2    Str:  5    XL:     4   Next: 15%
Magic:  3/11       EV: 13    Int: 20    God:    Sif Muna [......]
Gold:   152        SH:  0    Dex: 16    Spells: 3 memorised, 4 levels left

rFire  . . .     SeeInvis .     l - +1 dagger (flame)
rCold  . . .     Gourm    .     a - +0 robe
rNeg   . . .     Faith    .     (no shield)
rPois  .         Spirit   .     (no helmet)
rElec  .         Dismiss  .     (no cloak)
rCorr  .         Reflect  .     (no gloves)
SustAt .         Harm     .     (no boots)
MR     .....                    n - amulet of rage
Stlth  ++........               (no ring)
                                (no ring)

@: lethally poisoned (-3 -> -7), not resistant to hostile enchantments,
unstealthy
A: no striking features
a: Renounce Religion, Evoke Berserk Rage


You were on level 2 of the Dungeon.
You worshipped Sif Muna.
Sif Muna was noncommittal.
You were not hungry.

You visited 1 branch of the dungeon, and saw 2 of its levels.

You collected 152 gold pieces.

Inventory:

Hand Weapons
 g - a +0 mace
 l - a +1 dagger of flaming (weapon)
 v - a +0 hunting sling
 x - a +2 long sword of pain
Missiles
 h - 22 bolts
 i - 79 stones (quivered)
 o - 46 arrows
 u - 7 sling bullets
Armour
 a - a +0 robe (worn)
Jewellery
 n - an amulet of rage (around neck)
Wands
 c - a wand of random effects (22/48)
Scrolls
 e - 3 scrolls of identify {unknown}
 j - a scroll of enchant armour {unknown}
 k - 3 scrolls of remove curse {unknown}
 p - a scroll of fog {unknown}
 t - 3 scrolls of teleportation {unknown}
Potions
 m - a potion of might {unknown}
 q - a potion of flight {unknown}
 r - 2 potions of curing {unknown}
 s - a potion of berserk rage {unknown}
Books
 b - a book of Frost

   Spells                             Type                      Level
   a - Freeze                         Ice                          1
   b - Throw Frost                    Conjuration/Ice              2
   c - Ozocubu's Armour               Charms/Ice                   3
   d - Throw Icicle                   Conjuration/Ice              4
   e - Summon Ice Beast               Ice/Summoning                4
Comestibles
 d - 3 chunks of flesh
 f - 3 slices of pizza
 w - a meat ration


   Skills:
 + Level 3.0 Dodging
 + Level 3.3 Stealth
 + Level 3.8 Spellcasting
 + Level 1.9 Conjurations
 + Level 1.3 Charms
 + Level 3.8 Ice Magic


You had 4 spell levels left.
You knew the following spells:

 Your Spells              Type           Power        Failure   Level  Hunger
a - Freeze                Ice            ###.         2%          1    None
b - Throw Frost           Conj/Ice       ###...       10%         2    ##.....
c - Ozocubu's Armour      Chrm/Ice       ##......     14%         3    ###....


Dungeon Overview and Level Annotations

Branches:
Dungeon (2/15)

Altars:
Sif Muna
Xom


Message History

You feel sick. The worker ant bites you.
* * * LOW HITPOINT WARNING * * *
Casting: Freeze
Confirm with . or Enter, or press ? or * to list all spells.
Aiming: Freeze
Press: ? - help, Shift-Dir - straight line, f/p - worker ant
Aim: a worker ant (severely wounded)
You freeze the worker ant.
The worker ant is almost dead.
The worker ant misses you.
Casting: Freeze
Confirm with . or Enter, or press ? or * to list all spells.
Aiming: Freeze
Press: ? - help, Shift-Dir - straight line, f/p - worker ant
Aim: a worker ant (almost dead)
You freeze the worker ant.
The worker ant is almost dead.
* * * LOW HITPOINT WARNING * * *
You feel sick. The worker ant bites you!
You die...

#.# #.....# #..<....##
#.## #.....# ##.......#
#..# #.....###......#.#
##.# ####.......#)#.# #.#
#.####..#...#
#.#########.####..##..#
##.#............#..##..#.#
#....##.##.#.##.#........#
#.....##.##.#@#...#.##.###
#........##>#.a.....##.#
#.....#####.###........#
##<...# #.# ##########
####.. ..# #### ###


You could see a worker ant.

Vanquished Creatures
  An adder (D:2)
  An ooze (D:2)
  2 worms (D:2)
  2 giant geckos
  8 bats
  4 giant cockroaches
  6 goblins
  8 hobgoblins
  3 jackals (D:2)
  6 kobolds
  A quokka (D:2)
  2 ball pythons (D:1)
  5 giant newts
  7 rats
56 creatures vanquished.

Notes
Turn   | Place    | Note
--------------------------------------------------------------
     0 | D:1      | Joat the Deep Elf Ice Elementalist began the quest for the Orb.
     0 | D:1      | Reached XP level 1. HP: 10/10 MP: 6/6
   133 | D:1      | Reached XP level 2. HP: 10/15 MP: 6/8
   138 | D:1      | Learned a level 2 spell: Throw Frost
  1165 | D:1      | Reached XP level 3. HP: 19/19 MP: 7/10
  1170 | D:1      | Learned a level 3 spell: Ozocubu's Armour
  1879 | D:2      | Found a deep blue altar of Sif Muna.
  1898 | D:2      | Became a worshipper of Sif Muna the Loreminder
  1963 | D:2      | Found a shimmering altar of Xom.
  2030 | D:2      | Reached skill level 1 in Charms
  2079 | D:2      | Reached XP level 4. HP: 24/24 MP: 6/11
  2441 | D:2      | Slain by a worker ant

Skill      XL: |  1  2  3  4 |
---------------+-------------+-----
Stealth        | 3 |  3.3
Charms         | 1 |  1.3
Dodging        | 3 |  3.0
Spellcasting   | |  3.8
Conjurations   | |  1.9
Ice Magic      | |  3.8

Action                   |  1- 3 |  4- 6 || total
-------------------------+-------+-------++-------
Melee: Unarmed           |     4 |       ||     4
       Mace              |    14 |       ||    14
       Dagger            |     5 |     3 ||     8
Throw: Stone             |     9 |     1 ||    10
 Cast: Freeze            |    25 |     9 ||    34
       Throw Frost       |    37 |     7 ||    44
 Stab: Sleeping          |     5 |       ||     5
  Eat: Chunk             |     5 |       ||     5
       Bread ration      |     1 |       ||     1
Armor: Robe              |     4 |     1 ||     5
Dodge: Dodged            |    24 |     4 ||    28
